 Dungeon Crawl Stone Soup version 0.23.0-3-gf3c87f2 (webtiles) character file.

Game seed: 11759167630743542164

17572 xccam the Quickloader (level 12, -11/97 HPs)
             Began as a Gnoll Wanderer on Feb 20, 2019.
             Was a High Priest of Cheibriados.
             Killed from afar by a wizard (35 damage)
             ... with a crystal spear
             ... on level 13 of the Dungeon.
             The game lasted 00:33:17 (13678 turns).

xccam the Quickloader (Gnoll Wanderer)             Turns: 13678, Time: 00:33:17

Health: -11/97     AC: 17    Str: 30    XL:     12   Next: 49%
Magic:  22/22      EV: 14    Int: 31    God:    Cheibriados [*****.]
Gold:   758        SH:  4    Dex: 30    Spells: 25/25 levels left

rFire    . . .     SeeInvis +   a - +2 hand crossbow
rCold    . . .     Gourm    .   (no shield)
rNeg     . . .     Faith    .   w - +0 plate armour
rPois    .         Spirit   .   Y - +0 helmet
rElec    .         Reflect  +   U - scarf {cloud immunity}
rCorr    .         Harm     .   S - +0 pair of gloves
MR       .....                  E - +0 pair of boots
Stlth    ..........             m - +4 amulet of reflection
HPRegen  0.26/turn              y - ring of see invisible
MPRegen  0.18/turn              O - ring of wizardry

@: slowed, very slow
A: distributed training, fangs 1, strong nose
a: Bend Time, Temporal Distortion, Slouch, Step From Time, Renounce Religion


You were on level 13 of the Dungeon.
You worshipped Cheibriados.
Cheibriados was extremely pleased with you.
You were hungry.

You visited 2 branches of the dungeon, and saw 14 of its levels.
You also visited: Sewer and Ossuary.

You collected 758 gold pieces.

Inventory:

Hand Weapons
 a - a +2 hand crossbow (weapon)
 b - a +1 spear of piercing
 j - a +0 triple crossbow
 X - the +2 battleaxe of Corporal Punishment {chop, rC+ Dex+5}
   (You found it on level 10 of the Dungeon)

   It inflicts extra damage upon your enemies.
   It affects your dexterity (+5).
   It protects you from cold.
Missiles
 l - 87 bolts (quivered)
Armour
 n - a +0 cloak
 w - a +0 plate armour (worn)
 E - a +0 pair of boots (worn)
 L - a cursed +0 large shield
 S - a +0 pair of gloves (worn)
 U - a scarf of cloud immunity (worn)
 Y - a +0 helmet (worn)
Jewellery
 m - a +4 amulet of reflection (around neck)
 y - a ring of see invisible (left hand)
 O - a ring of wizardry (right hand)
Wands
 c - a wand of digging (1)
 z - a wand of polymorph (5)
 D - a wand of flame (18)
 I - a wand of disintegration (12)
 M - a wand of clouds (3)
 W - a wand of iceblast (6)
Scrolls
 d - 3 scrolls of noise {unknown}
 e - 10 scrolls of remove curse
 h - a scroll of enchant weapon {unknown}
 k - 2 scrolls of immolation
 p - 6 scrolls of teleportation
 t - a scroll of blinking
 u - 3 scrolls of fear {unknown}
 v - a scroll of fog
 J - a scroll of brand weapon {unknown}
 K - 3 scrolls of enchant armour {unknown}
 N - a scroll of magic mapping {unknown}
 R - a scroll of vulnerability {unknown}
 T - 5 scrolls of amnesia {unknown}
 V - 3 scrolls of identify
Potions
 g - a potion of cancellation
 i - 5 potions of curing
 o - 2 potions of might
 q - a potion of lignification
 s - a potion of magic {unknown}
 x - 2 potions of agility
 A - a potion of brilliance {unknown}
 B - 2 potions of ambrosia
 F - 3 potions of heal wounds {unknown}
 G - 4 potions of mutation
 H - 2 potions of resistance {unknown}
 Q - a potion of flight {unknown}
Comestibles
 f - 20 rations


   Skills:
 + Level 9.8 Fighting
 + Level 7.2 Short Blades
 + Level 7.2 Long Blades
 + Level 7.2 Axes
 + Level 7.2 Maces & Flails
 + Level 7.2 Polearms
 + Level 7.2 Staves
 + Level 7.2 Slings
 + Level 7.2 Bows
 + Level 11.0 Crossbows
 + Level 7.2 Throwing
 + Level 7.2 Armour
 + Level 7.2 Dodging
 + Level 7.6 Stealth
 + Level 7.7 Shields
 + Level 7.2 Unarmed Combat
 + Level 7.2 Spellcasting
 + Level 6.0 Conjurations
 + Level 6.0 Hexes
 + Level 6.0 Charms
 + Level 6.0 Summonings
 + Level 6.0 Necromancy
 + Level 6.0 Translocations
 + Level 6.0 Transmutations
 + Level 6.0 Fire Magic
 + Level 6.0 Ice Magic
 + Level 6.0 Air Magic
 + Level 6.0 Earth Magic
 + Level 6.0 Poison Magic
 + Level 7.9 Invocations
 + Level 7.7 Evocations


You had 25 spell levels left.
You didn't know any spells.
Your spell library contained the following spells:

 Spells                   Type           Power        Failure   Level  Hunger
 Animate Skeleton         Necr           N/A          1%          1    None
 Apportation              Tloc           #####.       1%          1    None
 Confusing Touch          Hex            #####.       1%          1    None
 Flame Tongue             Conj/Fire      #####        1%          1    None
 Summon Small Mammal      Summ           ####         1%          1    None
 Throw Flame              Conj/Fire      #####.       1%          2    None
 Conjure Flame            Conj/Fire      #####...     4%          3    None
 Ignite Poison            Fire/Tmut/Pois #####...     4%          3    None
 Inner Flame              Hex/Fire       #####...     4%          3    None
 Sticky Flame             Conj/Fire      #####...     12%         4    ##.....
 Summon Lightning Spire   Summ/Air       #####...     12%         4    ##.....
 Fireball                 Conj/Fire      #####.....   32%         5    ####...
 Bolt of Fire             Conj/Fire      #####.....   86%         6    ######.


Dungeon Overview and Level Annotations

Branches:
Dungeon (13/15)            Temple (1/1) D:7            Lair (0/6) D:9
    Orc (0/2) D:10
 Vaults: D:13-14

Altars:
Ashenzari
Cheibriados
Dithmenos
Elyvilon
Fedhas
Gozag
Hepliaklqana
Kikubaaqudgha
Makhleb
Nemelex Xobeh
Okawaru
Qazlal
Ru
Sif Muna
Trog
Uskayaw
Vehumet
Wu Jian
Xom
Yredelemnul
Zin
The Shining One
Beogh

Shops:
D:8 =   D:12 :

Annotations:
D:4 1 runed translucent door, EtherCrawl's ghost, amateur DrTm


Innate Abilities, Weirdness & Mutations

Your experience applies equally to all skills.
You have very sharp teeth.
Your uncanny sense of smell can sniff out nearby items.


Message History

The wizard is severely wounded.
The wizard casts a spell at you.
You feel as though you will be slow longer.
Firing (i - inventory)
l - 88 bolts (quivered)
Press: ? - help, Shift-Dir - straight line, f/p - orc sorcerer
Aim: an orc sorcerer, wielding a +0 dagger and wearing a +0 robe (severely wounded)
You shoot a bolt. The bolt misses the orc sorcerer.
The bolt hits the iguana!!
You kill the iguana!
Cheibriados appreciates the change of pace.
You hear a splash.
You block the wizard's attack. The wizard hits you but does no damage.
Evoke which item? (* to show all) (? for menu, Esc to quit)
Aiming: Cloud Cone
Press: ? - help, Dir - move target cursor, f/p - orc sorcerer
Aim: an orc sorcerer, wielding a +0 dagger and wearing a +0 robe (severely wounded)
You create a blast of freezing vapour!
The wizard is engulfed in freezing vapours.
The wizard points at you and mumbles some strange words.
The crystal spear hits you!!
You die...

''(###)(#### ...
...)≈≈≈≈≈≈.# ......
...≈≈≈≈≈≈≈.# .. .......
...≈§§§≈≈.# ... ......#
..$.§§§§.# #............
....§§§§## #.............
.....§§§§###..............
......#§o§#...#...........
......###p@...# #..........
.......####...## #.........
#.......###..## #........
#............# ##........
#...........## #.........
#...........######......[..
##..........................
...
............................
..
..........########..........


You could see a wizard and an orc sorcerer.

Vanquished Creatures
  A centaur warrior (D:10)
  3 two-headed ogres
  An unseen horror (D:11)
  A mana viper (shapeshifter) (D:13)
  An ugly thing (D:9)
  3 cyclopes
  Joseph (D:8)
  A gargoyle (D:12)
  A yaktaur (D:13)
  A kobold demonologist (D:13)
  3 trolls
  A queen bee (D:9)
  Grinder (D:3)
  Sigmund (D:4)
  A wraith (D:11)
  6 yaks (D:12)
  2 vampires
  Eustachio (D:4)
  2 steam dragons
  A hungry ghost (D:11)
  Menkaure (D:6)
  An acid dragon (D:13)
  A water moccasin (D:8)
  Duvessa (D:4)
  2 black bears
  Purgy (D:3)
  4 sky beasts
  2 phantoms (D:5)
  6 orc warriors
  4 ice beasts
  2 necrophages (D:12)
  5 centaurs
  8 ogres
  5 wolves (D:9)
  A big kobold (D:8)
  7 bullfrogs
  A wyvern zombie (D:7)
  A gnoll sergeant (D:10)
  Dowan (D:4)
  8 scorpions
  14 killer bees
  4 howler monkeys
  2 electric eels (D:9)
  A bullfrog zombie (D:11)
  3 crimson imps
  4 centaur zombies
  8 hounds
  4 jellies
  A human zombie (Ossuary)
  3 quasits
  3 centaur skeletons
  3 orc priests
  4 bullfrog skeletons
  4 iguanas
  9 orc wizards
  7 worker ants
  5 hound zombies
  A hound skeleton (D:5)
  4 mummies (Ossuary)
  3 worker ant zombies
  8 gnolls
  A river rat (Sewer)
  6 adders
  2 shadow imps
  4 adder skeletons
  A worm (D:3)
  A dart slug (D:1)
  6 leopard geckos
  61 orcs
  12 bats
  4 giant cockroaches
  2 gnoll zombies (Ossuary)
  10 goblins
  8 hobgoblins
  4 jackals
  5 quokkas
  6 ball pythons
  11 frilled lizards
  A hobgoblin zombie (Ossuary)
  A jackal skeleton (D:4)
  2 jackal zombies (Ossuary)
  14 kobolds
  A kobold zombie (Ossuary)
  2 leopard gecko skeletons
  A quokka skeleton (D:8)
  A quokka zombie (D:6)
  9 rats
  A rat zombie (Ossuary)
367 creatures vanquished.

Notes
Turn   | Place    | Note
-------+----------+-------------------------------------------
     0 | D:1      | xccam the Gnoll Wanderer began the quest for the Orb.
     0 | D:1      | xccam set off with the following items: a +2 hand crossbow,
                  | 26 bolts, a +0 ring mail, a potion of lignification, a
                  | ration
     0 | D:1      | Reached XP level 1. HP: 23/23 MP: 2/2
   101 | D:1      | Reached XP level 2. HP: 29/29 MP: 3/3
   431 | D:1      | Reached XP level 3. HP: 35/35 MP: 4/4
   960 | D:2      | Reached skill level 1 in Invocations
  1405 | D:3      | Found a glowing drain.
  1406 | D:3      | Reached skill level 1 in Short Blades
  1406 | D:3      | Reached skill level 1 in Long Blades
  1406 | D:3      | Reached skill level 1 in Axes
  1406 | D:3      | Reached skill level 1 in Maces & Flails
  1406 | D:3      | Reached skill level 1 in Polearms
  1406 | D:3      | Reached skill level 1 in Staves
  1406 | D:3      | Reached skill level 1 in Slings
  1406 | D:3      | Reached skill level 1 in Bows
  1406 | D:3      | Reached skill level 1 in Throwing
  1406 | D:3      | Reached skill level 1 in Armour
  1406 | D:3      | Reached skill level 1 in Dodging
  1406 | D:3      | Reached skill level 1 in Unarmed Combat
  1406 | D:3      | Reached skill level 1 in Spellcasting
  1410 | D:3      | Reached XP level 4. HP: 41/41 MP: 4/6
  1440 | Sewer    | Entered a sewer
  1790 | D:3      | Reached skill level 1 in Conjurations
  1790 | D:3      | Reached skill level 1 in Hexes
  1790 | D:3      | Reached skill level 1 in Charms
  1790 | D:3      | Reached skill level 1 in Summonings
  1790 | D:3      | Reached skill level 1 in Necromancy
  1790 | D:3      | Reached skill level 1 in Translocations
  1790 | D:3      | Reached skill level 1 in Transmutations
  1790 | D:3      | Reached skill level 1 in Fire Magic
  1790 | D:3      | Reached skill level 1 in Ice Magic
  1790 | D:3      | Reached skill level 1 in Air Magic
  1790 | D:3      | Reached skill level 1 in Earth Magic
  1790 | D:3      | Reached skill level 1 in Poison Magic
  1854 | D:3      | Reached XP level 5. HP: 47/47 MP: 7/7
  1865 | D:3      | Noticed Grinder
  1867 | D:3      | Paralysed by Grinder for 5 turns
  1877 | D:3      | Paralysed by Grinder for 6 turns
  1894 | D:3      | Paralysed by something for 6 turns
  1899 | D:3      | Killed Grinder
  1899 | D:3      | Reached XP level 6. HP: 30/53 MP: 7/9
  2122 | D:3      | Found a shadowy altar of Dithmenos.
  2209 | D:3      | Found a burning altar of Makhleb.
  2403 | D:3      | Noticed Purgy
  2429 | D:3      | Killed Purgy
  2429 | D:3      | Reached XP level 7. HP: 35/59 MP: 10/10
  2652 | D:3      | Noticed a balrug
  2656 | D:3      | Noticed a smoke demon
  2656 | D:3      | Noticed an orange demon
  2716 | D:4      | Found a runed translucent door.
  2728 | D:4      | Noticed EtherCrawl's ghost (amateur DrTm)
  2769 | D:4      | Noticed Sigmund
  2780 | D:4      | Killed Sigmund
  3067 | D:4      | Reached skill level 9 in Crossbows
  3071 | D:4      | Noticed Duvessa
  3071 | D:4      | Noticed Dowan
  3082 | D:4      | Killed Duvessa
  3091 | D:4      | Killed Dowan
  3091 | D:4      | Reached XP level 8. HP: 67/67 MP: 12/12
  3127 | D:4      | Noticed Eustachio
  3168 | D:4      | Killed Eustachio
  3390 | D:4      | Found a glowing golden altar of the Shining One.
  3611 | D:5      | Entered Level 5 of the Dungeon
  4651 | D:6      | Reached XP level 9. HP: 66/72 MP: 14/14
  5069 | D:6      | Noticed Menkaure
  5075 | D:6      | Killed Menkaure
  5243 | D:7      | Reached skill level 5 in Shields
  5243 | D:7      | Reached skill level 5 in Evocations
  5382 | D:7      | Reached skill level 5 in Stealth
  5471 | D:7      | Found a sand-covered staircase.
  5476 | Ossuary  | Entered an ossuary
  5893 | Ossuary  | Reached skill level 5 in Invocations
  6409 | D:7      | Found an ancient bone altar of Kikubaaqudgha.
  6547 | D:7      | Found a staircase to the Ecumenical Temple.
  6556 | Temple   | Entered the Ecumenical Temple
  6659 | Temple   | Became a worshipper of Cheibriados the Contemplative
  6775 | D:8      | Noticed Joseph
  6790 | D:8      | Reached XP level 10. HP: 44/80 MP: 17/17
  6799 | D:8      | Killed Joseph
  7093 | D:8      | Reached * piety under Cheibriados
  7155 | D:8      | Found a roughly hewn altar of Beogh.
  7202 | D:8      | Reached skill level 5 in Short Blades
  7202 | D:8      | Reached skill level 5 in Long Blades
  7202 | D:8      | Reached skill level 5 in Axes
  7202 | D:8      | Reached skill level 5 in Maces & Flails
  7202 | D:8      | Reached skill level 5 in Polearms
  7202 | D:8      | Reached skill level 5 in Staves
  7202 | D:8      | Reached skill level 5 in Slings
  7202 | D:8      | Reached skill level 5 in Bows
  7202 | D:8      | Reached skill level 5 in Throwing
  7202 | D:8      | Reached skill level 5 in Armour
  7202 | D:8      | Reached skill level 5 in Dodging
  7202 | D:8      | Reached skill level 5 in Unarmed Combat
  7202 | D:8      | Reached skill level 5 in Spellcasting
  7203 | D:8      | Found a glowing silver altar of Zin.
  7301 | D:8      | Found Batuq's Jewellery Emporium.
  7559 | D:8      | Reached ** piety under Cheibriados
  7699 | D:8      | Found a snail-covered altar of Cheibriados.
  7723 | D:8      | Reached skill level 10 in Crossbows
  8661 | D:9      | Reached *** piety under Cheibriados
  8699 | D:9      | Noticed a white ugly thing
  8708 | D:9      | Killed a white ugly thing
  9125 | D:9      | Reached XP level 11. HP: 87/87 MP: 19/19
  9199 | D:9      | Found a white marble altar of Elyvilon.
  9346 | D:9      | Found a staircase to the Lair.
  9772 | D:10     | Entered Level 10 of the Dungeon
  9776 | D:10     | Reached **** piety under Cheibriados
  9988 | D:10     | Noticed a two-headed ogre
  9994 | D:10     | Killed a two-headed ogre
  9994 | D:10     | Reached skill level 5 in Conjurations
  9994 | D:10     | Reached skill level 5 in Hexes
  9994 | D:10     | Reached skill level 5 in Charms
  9994 | D:10     | Reached skill level 5 in Summonings
  9994 | D:10     | Reached skill level 5 in Necromancy
  9994 | D:10     | Reached skill level 5 in Translocations
  9994 | D:10     | Reached skill level 5 in Transmutations
  9994 | D:10     | Reached skill level 5 in Fire Magic
  9994 | D:10     | Reached skill level 5 in Ice Magic
  9994 | D:10     | Reached skill level 5 in Air Magic
  9994 | D:10     | Reached skill level 5 in Earth Magic
  9994 | D:10     | Reached skill level 5 in Poison Magic
 10013 | D:10     | Found a staircase to the Orcish Mines.
 10315 | D:10     | Noticed a centaur warrior
 10325 | D:10     | Killed a centaur warrior
 10555 | D:10     | Got a fine battleaxe
 10558 | D:10     | Identified the +2 battleaxe of Corporal Punishment {chop,
                  | rC+ Dex+5} (You found it on level 10 of the Dungeon)
 11288 | D:11     | Noticed an unseen horror
 11293 | D:11     | Killed an unseen horror
 11814 | D:12     | Found Olaurufa's Book Boutique.
 11872 | D:12     | Reached ***** piety under Cheibriados
 11904 | D:12     | Noticed a cyclops
 11907 | D:12     | Killed a cyclops
 11908 | D:12     | Found a stormy altar of Qazlal.
 12056 | D:12     | Noticed a two-headed ogre
 12065 | D:12     | Killed a two-headed ogre
 12437 | D:12     | Noticed a cyclops
 12448 | D:12     | Killed a cyclops
 12448 | D:12     | Reached XP level 12. HP: 81/96 MP: 22/22
 12524 | D:12     | Noticed a two-headed ogre
 12534 | D:12     | Killed a two-headed ogre
 12735 | D:12     | Identified Acankack's Almanac of the Flying Arsonist
 13270 | D:13     | Reached skill level 11 in Crossbows
 13653 | D:13     | Noticed a vault guard
 13669 | D:13     | Noticed a vault guard
 13678 | D:13     | Killed from afar by a wizard

Skill      XL: |  1  2  3  4  5  6  7  8  9 10 11 12 |
---------------+-------------------------------------+-----
Invocations    | 1 2 3 4 5 6 7 |  7.9
Short Blades   | 1 2 3 4 5 6 7 |  7.2
Long Blades    | 1 2 3 4 5 6 7 |  7.2
Axes           | 1 2 3 4 5 6 7 |  7.2
Maces & Flails | 1 2 3 4 5 6 7 |  7.2
Polearms       | 1 2 3 4 5 6 7 |  7.2
Staves         | 1 2 3 4 5 6 7 |  7.2
Slings         | 1 2 3 4 5 6 7 |  7.2
Bows           | 1 2 3 4 5 6 7 |  7.2
Throwing       | 1 2 3 4 5 6 7 |  7.2
Armour         | 1 2 3 4 5 6 7 |  7.2
Dodging        | 1 2 3 4 5 6 7 |  7.2
Unarmed Combat | 1 2 3 4 5 6 7 |  7.2
Spellcasting   | 1 2 3 4 5 6 7 |  7.2
Conjurations   | 1 2 3 4 5 6 |  6.0
Hexes          | 1 2 3 4 5 6 |  6.0
Charms         | 1 2 3 4 5 6 |  6.0
Summonings     | 1 2 3 4 5 6 |  6.0
Necromancy     | 1 2 3 4 5 6 |  6.0
Translocations | 1 2 3 4 5 6 |  6.0
Transmutations | 1 2 3 4 5 6 |  6.0
Fire Magic     | 1 2 3 4 5 6 |  6.0
Ice Magic      | 1 2 3 4 5 6 |  6.0
Air Magic      | 1 2 3 4 5 6 |  6.0
Earth Magic    | 1 2 3 4 5 6 |  6.0
Poison Magic   | 1 2 3 4 5 6 |  6.0
Stealth        | 3 4 5 6 7 |  7.6
Shields        | 3 4 5 6 7 |  7.7
Evocations     | 3 4 5 6 7 |  7.7
Fighting       | 7 8 9 |  9.8
Crossbows      | 9 10 11 | 11.0

Action                   |  1- 3 |  4- 6 |  7- 9 | 10-12 || total
-------------------------+-------+-------+-------+-------++-------
Melee: Unarmed           |    68 |       |     5 |       ||    73
       Bite              |    10 |     2 |    47 |    48 ||   107
       Spear             |       |    56 |   339 |   236 ||   631
       Punch             |       |       |     3 |     5 ||     8
 Fire: Hand crossbow     |    64 |    52 |   165 |   445 ||   726
Evoke: Wand              |       |       |     7 |    14 ||    21
  Use: Scroll            |     5 |       |     5 |     5 ||    15
       Potion            |       |     5 |       |       ||     5
 Stab: Sleeping          |     1 |     1 |     3 |       ||     5
       Distracted        |       |       |       |     1 ||     1
  Eat: Chunk             |     1 |     4 |    13 |     9 ||    27
       Ration            |       |       |       |     1 ||     1
Armor: Ring mail         |    64 |    16 |     8 |       ||    88
       Skin              |       |     4 |       |       ||     4
       Leather armour    |       |       |   128 |    41 ||   169
       Plate armour      |       |       |       |    73 ||    73
Dodge: Dodged            |    54 |    39 |   278 |   274 ||   645
Block: Other             |       |       |     1 |    70 ||    71
       Reflection        |       |       |     1 |     1 ||     2
